 Dungeon Crawl Stone Soup version 0.23.2-1-ga50397a (console) character file.

Game seed: 14576438226273543420

334551 jt the Warrior (level 22, -33/188 HPs)
             Began as a Hill Orc Venom Mage on May 31, 2019.
             Was the Champion of Beogh.
             Killed from afar by a Brimstone Fiend (36 damage)
             ... with damnation
             ... in Pandemonium.
             The game lasted 05:38:15 (73832 turns).

jt the Warrior (Hill Orc Venom Mage)               Turns: 73832, Time: 05:38:16

Health: -33/188    AC: 32    Str: 16      XL:     22   Next: 48%
Magic:  39/39      EV:  9    Int: 20 (21) God:    Beogh [******]
Gold:   527        SH: 16    Dex: 10 (11) Spells: 33/40 levels left

rFire    + . .     SeeInvis +   C - +0 demon whip (freeze)
rCold    + . .     Gourm    .   Y - +3 shield {reflect}
rNeg     + . .     Faith    .   l - +4 storm dragon scales {Bai Suzhen}
rPois    +         Spirit   .   h - +2 hat
rElec    +         Reflect  +   b - +2 cloak
rCorr    .         Harm     .   G - +1 pair of gloves
MR       ++...     Rnd*Tele +   i - +2 pair of boots
Stlth    ..........             M - amulet of Morality {RegenMP rF+ SInv}
HPRegen  0.41/turn              W - ring of protection from cold
MPRegen  0.51/turn              E - ring of Ybuqidgha {rPois rN+ MR+ AC+5 Int+3}

@: very slightly contaminated, lightly drained
A: walk on water, horns 1, deformed body, [frail 1], high mp 1, screaming 1,
[teleportitis 2], weak 1, [no potion heal 1], [subdued magic 2]
a: Smiting, Recall Orcish Followers, Give Item to Named Follower, Resurrection,
Renounce Religion


You were in Pandemonium.
You worshipped Beogh.
Beogh was exalted by your worship.
You were not hungry.

You visited 7 branches of the dungeon, and saw 33 of its levels.
You visited Pandemonium 1 time, and saw 4 of its levels.
You also visited: Gauntlet and Volcano.

You collected 4306 gold pieces.
You spent 3779 gold pieces at shops.

Inventory:

Hand Weapons
 a - a +2 demon whip of draining
 q - a +7 arbalest of flaming
 y - a +3 demon whip of electrocution
 z - a +0 antimagic demon whip
 C - a +0 demon whip of freezing (weapon)
 H - the +1 eveningstar of the Gnat {flame, +Fly Str-5 Int+4}
   (You acquired it on level 15 of the Dungeon)

   It has been specially enchanted to burn those struck by it, causing extra
   injury to most foes and up to half again as much damage against particularly
   susceptible opponents.
   It affects your strength (-5).
   It affects your intelligence (+4).
   It lets you fly.
Missiles
 u - 764 bolts
Armour
 b - a +2 cloak (worn)
 h - a +2 hat (worn)
 i - a +2 pair of boots (worn)
 l - +4 storm dragon scales (worn) {Bai Suzhen}
 G - a +1 pair of gloves (worn)
 Y - a +3 shield of reflection (worn)
Jewellery
 e - the ring of Xauqapt {*Corrode rElec rN+ Dex+4}
   (You found it in Pandemonium)

   [ring of dexterity]

   It affects your dexterity (+4).
   It insulates you from electricity.
   It protects you from negative energy.
   It may corrode you when you take damage.
 B - an uncursed ring of resist corrosion
 E - the ring of Ybuqidgha (right hand) {rPois rN+ MR+ AC+5 Int+3}
   (You bought it in a shop on level 2 of the Orcish Mines)

   [ring of protection]

   It affects your AC (+5).
   It affects your intelligence (+3).
   It protects you from poison.
   It protects you from negative energy.
   It affects your resistance to hostile enchantments.
 F - an uncursed ring of protection from magic
 M - the amulet of Morality (around neck) {RegenMP rF+ SInv}
   (You bought it in a shop on level 2 of the Orcish Mines)

   [amulet of magic regeneration]

   It increases your magic regeneration.
   It protects you from fire.
   It lets you see invisible.
 W - a ring of protection from cold (left hand)
Wands
 k - a wand of acid (8)
 m - a wand of scattershot (1)
 r - a wand of digging (21)
 v - a wand of polymorph (7)
 x - a wand of flame (77)
 L - a wand of iceblast (9)
 V - a wand of paralysis (19)
Scrolls
 d - 10 scrolls of teleportation
 o - 19 scrolls of identify
 w - 13 scrolls of remove curse
 A - a scroll of amnesia
 D - 7 scrolls of immolation
 O - 5 scrolls of fear
 P - a scroll of silence
 Q - 4 scrolls of blinking
 R - 2 scrolls of magic mapping
 S - 3 scrolls of fog
Potions
 j - 2 potions of might
 n - 4 potions of ambrosia
 p - 2 potions of resistance
 t - a potion of curing
 U - 2 potions of cancellation
 X - 2 potions of haste
Miscellaneous
 f - a phial of floods
 g - a lightning rod (4/4)
 s - 3 boxes of beasts
 I - the horn of Geryon
 J - 3 sacks of spiders
 K - 3 phantom mirrors
 N - a lamp of fire
 T - a fan of gales
Comestibles
 c - 19 rations


   Skills:
 - Level 19.8(19.4) Fighting
 - Level 16.0(15.6) Maces & Flails
 - Level 6.6(6.3) Crossbows
 - Level 2.2(1.9) Throwing
 - Level 15.2(14.9) Armour
 - Level 5.0(4.7) Dodging
 + Level 5.5(5.2) Stealth
 - Level 15.0(14.6) Shields
 - Level 0.1(0.0) Unarmed Combat
 - Level 9.8(9.5) Spellcasting
 - Level 7.2(6.9) Conjurations
 - Level 9.0(8.7) Summonings
 - Level 5.0(4.7) Air Magic
 - Level 7.2(6.9) Poison Magic
 - Level 10.0(9.6) Invocations
 + Level 12.9(12.5) Evocations


You had 33 spell levels left.
You knew the following spells:

 Your Spells              Type           Power        Failure   Level  Hunger
a - Sting                 Conj/Pois      ###.         1%          1    None
b - Poisonous Vapours     Pois/Air       ###...       5%          2    None
c - Mephitic Cloud        Conj/Pois/Air  ###.....     10%         3    None
d - Summon Butterflies    Summ           ####....     1%          1    None

Your spell library contained the following spells:

 Spells                   Type           Power        Failure   Level  Hunger
 Magic Dart               Conj           ###.         1%          1    None
 Summon Small Mammal      Summ           ####         1%          1    None
 Call Imp                 Summ           ####....     1%          2    None
 Call Canine Familiar     Summ           ####....     2%          3    None
 Throw Frost              Conj/Ice       ##....       16%         2    None
 Recall                   Summ/Tloc      N/A          22%         3    None
 Summon Guardian Golem    Hex/Summ       ###.....     22%         3    None
 Olgreb's Toxic Radiance  Pois           ###.....     24%         4    ##.....
 Summon Lightning Spire   Summ/Air       ###.....     28%         4    ##.....
 Conjure Flame            Conj/Fire      ##......     30%         3    None
 Stone Arrow              Conj/Erth      ##....       30%         3    None
 Aura of Abjuration       Summ           ####......   32%         5    #####..
 Summon Demon             Summ           ####......   32%         5    #####..
 Animate Skeleton         Necr           N/A          43%         1    None
 Beastly Appendage        Tmut           #.....       43%         1    None
 Freeze                   Ice            #...         43%         1    None
 Infusion                 Chrm           #...         43%         1    None
 Pain                     Necr           #...         43%         1    None
 Sandblast                Erth           #.....       43%         1    None
 Ignite Poison            Fire/Tmut/Pois ##......     47%         3    None
 Blink                    Tloc           N/A          56%         2    None
 Corpse Rot               Necr           N/A          56%         2    None
 Passwall                 Tmut/Erth      #.......     56%         2    None
 Shroud of Golubria       Chrm/Tloc      #.........   56%         2    None
 Slow                     Hex            #.......     56%         2    None
 Song of Slaying          Chrm           #.......     56%         2    None
 Sticks to Snakes         Tmut           #.......     56%         2    None
 Sublimation of Blood     Necr           #.........   56%         2    None
 Venom Bolt               Conj/Pois      ###.......   58%         5    #####..
 Summon Ice Beast         Ice/Summ       ###.....     61%         4    ##.....
 Force Lance              Conj/Tloc      ##......     73%         4    ##.....
 Throw Icicle             Conj/Ice       ##......     73%         4    ##.....
 Gell's Gravitas          Tloc           #.........   82%         3    None
 Lesser Beckoning         Tloc           #.........   82%         3    None
 Ozocubu's Armour         Chrm/Ice       #.......     82%         3    None
 Portal Projectile        Hex/Tloc       #.....       82%         3    None
 Regeneration             Chrm/Necr      #.........   82%         3    None
 Spectral Weapon          Hex/Chrm       #.......     82%         3    None
 Teleport Other           Tloc           #.......     82%         3    None
 Tukima's Dance           Hex            #.......     82%         3    None
 Vampiric Draining        Necr           #.........   82%         3    None
 Shadow Creatures         Summ           N/A          90%         6    ######.
 Summon Forest            Summ/Tloc      ###.......   92%         5    #####..
 Summon Mana Viper        Hex/Summ       ###.....     92%         5    #####..
 Alistair's Intoxication  Tmut/Pois      ##......     97%         5    #####..
 Irradiate                Conj/Tmut      ##........   97%         5    #####..
 Iskenderun's Battlesphe  Conj/Chrm      ##......     97%         5    #####..
 Animate Dead             Necr           N/A          99%         4    ##.....
 Ice Form                 Ice/Tmut       #.......     99%         4    ##.....
 Passage of Golubria      Tloc           N/A          99%         4    ##.....
 Petrify                  Tmut/Erth      #.......     99%         4    ##.....
 Bolt of Magma            Conj/Fire/Erth ##........   99%         5    #####..
 Silence                  Hex/Air        ##........   99%         5    #####..
 Blade Hands              Tmut           #.........   100%        5    #####..
 Dispel Undead            Necr           #.......     100%        5    #####..
 Lee's Rapid Deconstruct  Erth           #.........   100%        5    #####..
 Yara's Violent Unravell  Hex/Tmut       #.........   100%        5    #####..
 Conjure Ball Lightning   Conj/Air       ###.......   100%        6    ######.
 Death Channel            Necr           #.........   100%        6    ######.
 Deflect Missiles         Chrm/Air       ##........   100%        6    ######.
 Dispersal                Tloc           #.........   100%        6    ######.
 Freezing Cloud           Conj/Ice/Air   ###.......   100%        6    ######.
 Iron Shot                Conj/Erth      ##........   100%        6    ######.
 Statue Form              Tmut/Erth      #........    100%        6    ######.
 Orb of Destruction       Conj           ###.......   100%        7    #######
 Ring of Flames           Chrm/Fire      #.........   100%        7    #######
 Spellforged Servitor     Conj/Summ      ####......   100%        7    #######
 Controlled Blink         Tloc           N/A          100%        8    #######
 Disjunction              Tloc           #.........   100%        8    #######
 Tornado                  Air            ###.......   100%        9    #######


Dungeon Overview and Level Annotations

Branches:
Dungeon (15/15)            Temple (1/1) D:5            Lair (6/6) D:10
 Shoals (0/4) Lair:4       Spider (0/4) Lair:3        Slime (0/5) Lair:6
    Orc (2/2) D:12            Elf (3/3) Orc:2        Vaults (0/5) D:14
 Depths (5/5) D:15           Hell (1/1)                 Dis (0/7) Hell
    Geh (0/7) Hell            Coc (0/7) Hell            Tar (0/7) Hell
    Zot (0/5) Depths:5

Altars:
Ashenzari
Cheibriados
Dithmenos
Elyvilon
Fedhas
Gozag
Hepliaklqana
Kikubaaqudgha
Makhleb
Nemelex Xobeh
Okawaru
Qazlal
Ru
Sif Muna
Trog
Uskayaw
Vehumet
Wu Jian
Xom
Yredelemnul
Zin
The Shining One
Jiyva

Shops:
D:7 (}!   D:9 !   D:10 !   D:15 =   Orc:1 =   Orc:2 %%*}:(*:=   Elf:1 =*}([
Elf:2 (   Depths:3 (   Depths:4 [

Portals:
Hell: Depths:1 Depths:2 Depths:3 Depths:4 Depths:5
Abyss: Depths:4
Pandemonium: Depths:1 Depths:3
Ziggurat: Depths:4


Innate Abilities, Weirdness & Mutations

You can walk on water.
You have a pair of small horns on your head.
Armour fits poorly on your strangely shaped body.
You have an increased reservoir of magic. (+10% MP)
You occasionally shout uncontrollably at your foes.
You are weak. (Str -2)
[You are frail. (-10% HP)]
[You are sometimes teleported next to monsters.]
[Potions are less effective at restoring your health.]
[Your spells are easier to cast, but less powerful.]


Message History

Aiming: Corrosive Bolt
Press: ? - help, Shift-Dir - straight line, f - Brimstone Fiend
Aim: a Brimstone Fiend (heavily wounded)
The bolt of acid misses the Brimstone Fiend.
The Brimstone Fiend gestures at you.
The sphere of damnation explodes!
The damnation engulfs you!!!
* * * LOW HITPOINT WARNING * * *
The damnation engulfs the Brimstone Fiend.
The Brimstone Fiend completely resists.
You hear a shout!
Press: ? - help, v - describe, . - travel
Here: a Brimstone Fiend (heavily wounded)
The floor.
Blink to where?
Press: ? - help, Dir - move target cursor, p - Brimstone Fiend You are very lightly contaminated with residual magic.
As you read the scroll of blinking, it crumbles to dust.
The Brimstone Fiend gestures at you.
The sphere of damnation explodes!
The damnation engulfs you!!!
You die...

#.§# #.......#
#.)#####.......#
#..............#
#......).......#
#..#####.......#
#..# #.......#
#..# #.......#
...#####§......#
.........1..@...#
###..............#
..#####..######
#..# #..# #..#
#..# #..#


You could see a Brimstone Fiend.

Vanquished Creatures
  3 caustic shrikes
  Geryon (Hell)
  A pandemonium lord (Pan)
  2 tentacled monstrosities
  Jorgrun (D:12)
  A lich (Depths:4)
  A deep elf blademaster (Elf:3)
  2 deep elf master archers (Elf:3)
  2 quicksilver dragons (Depths:4)
  Asterion (Elf:2)
  A Hell Sentinel (Pan)
  3 sphinxes
  2 Executioners (Pan)
  3 tengu reavers
  The ghost of Exporg the Warrior, a journeyman OgBe of Trog (Orc:2)
  An azure jelly (shapeshifter) (Depths:1)
  A storm dragon (Depths:5)
  A fire giant (Depths:4)
  An iron dragon (Hell)
  2 deep elf sorcerers (Elf:3)
  3 corrupters (Pan)
  3 balrugs (Pan)
  3 frost giants
  A warmonger (Pan)
  A spriggan defender (Depths:4)
  3 stone giants
  12 very ugly things
  2 blood saints (Pan)
  A green draconian (Depths:5)
  2 deep elf demonologists
  2 lorocyprocas (Pan)
  Nessos (Lair:4)
  2 deep elf annihilators (Depths:4)
  3 vampire knights
  A black draconian (Depths:5)
  A minotaur (Gauntlet)
  A blizzard demon (Hell)
  A yellow draconian (Depths:5)
  A green death (Pan)
  3 ettins
  3 deep elf death magi (Elf:3)
  2 yaktaur captains
  A jiangshi (Depths:5)
  2 fire dragons
  The ghost of whitewolfNL the Basher, a journeyman MiBe of Trog (D:15)
  2 great orbs of eyes
  4 ice dragons
  A rakshasa (Depths:3)
  A vault guard (Depths:2)
  A ghost crab (Gauntlet)
  3 spriggan air magi
  5 hydras
  A monstrous demonspawn (Pan)
  12 two-headed ogres
  A catoblepas (Lair:6)
  An anaconda (shapeshifter) (Depths:3)
  Erica (D:9)
  6 centaur warriors
  A death knight (D:14)
  2 tengu warriors
  A death yak (Lair:3)
  5 deep troll shamans
  3 dancing weapons
  2 ogre magi
  A vampire mage (Depths:5)
  3 deep troll earth magi
  11 large abominations (Pan)
  2 spriggan berserkers
  10 sun demons
  3 hell knights
  9 deep elf knights
  7 soul eaters (Pan)
  A skeletal warrior (D:15)
  4 iron trolls
  2 sixfirhies (Pan)
  8 deep trolls
  3 unseen horrors
  A wizard (D:11)
  2 gelid demonspawn (Pan)
  An infernal demonspawn (Pan)
  3 torturous demonspawn (Pan)
  3 glowing orange brains
  2 shadow demons
  A lindwurm (Lair:6)
  A phantasmal warrior (Depths:3)
  3 orc knights
  23 deep elf magi
  A necromancer (Depths:3)
  A salamander (shapeshifter) (Depths:3)
  12 ugly things
  4 manticores
  An elephant (Lair:6)
  4 cyclopes
  A guardian serpent (Lair:6)
  A water nymph (shapeshifter) (Depths:3)
  An elephant (shapeshifter) (Elf:1)
  8 spiny frogs
  A black mamba (Lair:6)
  5 gargoyles
  8 smoke demons (Pan)
  2 orange demons (Pan)
  2 kobold demonologists
  13 yaktaurs
  10 demonic crawlers (Pan)
  A rime drake (Lair:2)
  An efreet (D:15)
  A freezing wraith (D:15)
  5 komodo dragons
  3 ice devils
  6 tormentors (Pan)
  3 tengu conjurers
  A hellwing (Pan)
  A queen bee (Lair:2)
  A merfolk (Lair:4)
  4 red devils
  3 polar bears
  5 trolls
  Grinder (D:6)
  2 slime creatures (D:14)
  3 blink frogs
  A deep troll zombie (Depths:1)
  A hornet (D:11)
  A slime creature (shapeshifter) (Depths:4)
  3 dream sheep (Lair:6)
  10 hippogriffs
  2 air elementals
  A centaur simulacrum (D:13)
  A wraith (D:15)
  An elf simulacrum (Depths:5)
  2 shadows
  6 water elementals
  2 redbacks (Lair:6)
  An alligator skeleton (Hell)
  9 wyverns
  Eustachio (D:6)
  9 ynoxinuls (Pan)
  A human (D:4)
  31 yaks
  10 chaos spawn
  2 basilisks (Lair:6)
  A steam dragon (D:14)
  A hungry ghost (D:15)
  6 neqoxecs (Pan)
  3 vampire mosquitoes (D:15)
  Menkaure (D:6)
  A warg (D:12)
  Duvessa (D:7)
  A soldier ant (D:10)
  2 hell hounds (Hell)
  5 porcupines
  A water moccasin (Lair:6)
  9 orc warriors
  2 sky beasts
  3 ice beasts
  3 black bears
  An eye of draining (shapeshifter) (Depths:3)
  A necrophage (D:8)
  13 ogres
  3 phantoms
  7 wolves
  16 centaurs
  2 eyes of draining
  7 crocodiles
  3 big kobolds
  2 gnoll sergeants
  20 bullfrogs
  3 earth elementals (Elf:3)
  A wyvern zombie (D:10)
  A water moccasin zombie (D:5)
  4 scorpions
  A wyvern skeleton (D:11)
  33 killer bees
  7 wights
  5 howler monkeys
  2 electric eels
  15 hounds
  A bullfrog zombie (D:7)
  3 centaur zombies
  2 quasits
  5 crimson imps
  4 jellies
  9 orc priests
  6 iguanas
  3 bullfrog skeletons
  6 centaur skeletons
  An iron imp (Hell)
  Natasha (thrice) (D:4)
  15 orc wizards
  12 worker ants
  2 killer bee zombies (D:6)
  A bullfrog simulacrum (D:13)
  4 hound skeletons
  2 worker ant zombies
  11 gnolls
  A howler monkey skeleton (D:7)
  14 adders
  3 shadow imps
  4 white imps
  An ufetubus (Depths:1)
  An adder zombie (D:6)
  A worm (D:4)
  A dart slug (D:4)
  4 leopard geckos
  27 orcs
  4 giant cockroaches
  9 goblins
  9 hobgoblins
  21 jackals
  18 kobolds
  5 quokkas
  3 bats
  4 frilled lizards
  A leopard gecko skeleton (D:9)
  2 quokka skeletons
  4 rats
869 creatures vanquished.

Vanquished Creatures (collateral kills)
  A pandemonium lord (Pan)
  4 juggernauts (Depths:4)
  Bai Suzhen (Depths:2)
  Saint Roka (Depths:4)
  2 caustic shrikes
  A Tzitzimitl (Pan)
  2 liches (Depths:4)
  A tentacled monstrosity (Depths:5)
  An Ice Fiend (Pan)
  4 deep elf blademasters
  An Executioner (Pan)
  2 sphinxes
  2 shadow dragons
  A draconian monk (Depths:5)
  Roxanne (D:15)
  2 storm dragons (Depths:4)
  6 fire giants
  The ghost of Borgoz the Fencer, a journeyman MiBe of Trog (Orc:2)
  A frost giant (Depths:3)
  4 deep elf sorcerers
  3 balrugs (Pan)
  A draconian stormcaller (Depths:5)
  7 deep elf elementalists
  2 cacodemons (Hell)
  A spriggan defender (Depths:4)
  11 stone giants
  An ironheart preserver (D:14)
  3 blood saints (Pan)
  3 reapers
  The ghost of hound the Cleaver, a journeyman DsBe of Trog (Lair:6)
  A vampire knight (Depths:3)
  A war gargoyle (Hell)
  2 corrupters (Pan)
  13 very ugly things
  A black draconian (Depths:5)
  5 deep elf demonologists
  A black sun (Pan)
  A green draconian (Depths:5)
  3 spark wasps
  3 deep elf annihilators (Elf:3)
  A red draconian (Depths:5)
  7 ettins
  8 deep elf death magi (Elf:3)
  Snorg (Lair:5)
  3 great orbs of eyes
  2 jiangshi (Depths:5)
  7 yaktaur captains
  A green death (Pan)
  4 deep elf high priests
  4 ogre magi
  5 hydras
  2 vault guards (Depths:2)
  2 monstrous demonspawn
  Harold (Orc:1)
  5 fire dragons
  6 rakshasas
  A hell beast (Depths:5)
  4 ice dragons
  2 spriggan air magi
  4 centaur warriors
  A death knight (D:14)
  25 dancing weapons
  7 death yaks
  2 tengu warriors (Depths:1)
  6 two-headed ogres
  10 deep troll shamans
  9 deep troll earth magi
  4 spriggan berserkers (Depths:3)
  Urug (Lair:4)
  An orc high priest (Orc:2)
  10 soul eaters
  2 vampire magi
  Sonja (Orc:1)
  8 sun demons
  2 spriggans (Depths:4)
  3 hell knights (Depths:3)
  8 deep elf knights
  An iron golem (Hell)
  5 iron trolls
  4 skeletal warriors
  5 sixfirhies
  An unseen horror (D:14)
  18 deep trolls
  An anaconda zombie (Hell)
  A golden dragon skeleton (Depths:5)
  A torturous demonspawn (Pan)
  6 deep elf archers
  2 shadow demons (Pan)
  2 wizards
  A shadow dragon zombie (Hell)
  2 necromancers
  A phantasmal warrior (Depths:3)
  2 lindwurms (Lair:6)
  A wolf spider (Lair:6)
  30 deep elf magi
  2 orc sorcerers (Orc:2)
  16 ugly things
  A shining eye (Depths:4)
  A cyclops (Orc:1)
  A manticore (shapeshifter) (Depths:3)
  A manticore (Lair:6)
  An elephant (Lair:6)
  3 black mambas (Lair:6)
  A torpor snail (Lair:6)
  A dire elephant zombie (Hell)
  An elephant (shapeshifter) (Depths:3)
  2 orange demons
  3 smoke demons
  3 centaur skeletons
  5 rust devils
  9 spiny frogs
  A kobold demonologist (D:14)
  2 gargoyles
  A spriggan skeleton (Depths:1)
  4 demonic crawlers (Pan)
  4 tormentors (Pan)
  A komodo dragon (Lair:6)
  3 rime drakes (Lair:6)
  4 yaktaurs
  2 hydra zombies (Hell)
  7 red devils
  2 tengu conjurers (Depths:3)
  6 trolls
  A meliai (shapeshifter) (Depths:3)
  A merfolk (shapeshifter) (Depths:5)
  A polar bear (Lair:6)
  2 hippogriffs (Lair:6)
  A hydra skeleton (Hell)
  4 hornets
  A spriggan zombie (Depths:1)
  5 blink frogs
  A dream sheep (shapeshifter) (Depths:3)
  A fire dragon zombie (Depths:1)
  2 redbacks (Lair:6)
  2 air elementals (Elf:3)
  2 slime creatures
  A large abomination (Pan)
  2 ynoxinuls (Pan)
  6 water elementals
  An alligator zombie (Hell)
  A tarantella (shapeshifter) (D:14)
  A basilisk (shapeshifter) (Depths:4)
  2 wraiths
  8 wyverns (Lair:6)
  4 fire elementals
  7 yaks
  4 neqoxecs
  4 basilisks
  4 chaos spawn
  A warg (Orc:1)
  A redback simulacrum (D:15)
  A vampire mosquito (D:15)
  An acid dragon (D:13)
  3 hell hounds (Hell)
  3 floating eyes (Depths:4)
  A hydra simulacrum (Hell)
  9 water moccasins
  5 orc warriors
  An ice beast (D:13)
  An ice dragon simulacrum (Hell)
  An eye of draining (D:13)
  9 ogres
  3 centaurs
  5 wolves
  6 crocodiles
  2 bullfrogs
  4 earth elementals
  A jelly (D:14)
  An electric eel (D:13)
  2 crimson imps
  2 quasits (Depths:1)
  A hound (D:14)
  5 orc priests
  3 iron imps
  2 worker ants (D:14)
  6 orc wizards
  A gnoll (D:13)
  A white imp (Depths:1)
  8 orcs
  3 bushes
  3 crawling corpses (Elf:3)
  5 fungi
  15 plants
630 creatures vanquished.

Vanquished Creatures (others)
  Urug (Elf:2)
  3 orc warlords
  A fire giant (Depths:3)
  A spriggan defender (Depths:4)
  A dire elephant (Lair:6)
  A vampire mage (Depths:1)
  4 orc knights
  15 orc warriors
  A deep elf mage (Elf:2)
  4 orc sorcerers
  A yaktaur (Depths:5)
  A centaur simulacrum (D:13)
  2 water elementals
  12 orc priests
  A water moccasin (Lair:6)
  24 orc wizards
  An electric eel (Lair:4)
  41 orcs
  A bush (D:14)
  A demonic plant (Gauntlet)
  17 fungi
  43 plants
  7 withered plants
184 creatures vanquished.

Grand Total: 1683 creatures vanquished

Notes
Turn   | Place    | Note
-------+----------+-------------------------------------------
     0 | D:1      | jt the Hill Orc Venom Mage began the quest for the Orb.
     0 | D:1      | Reached XP level 1. HP: 14/14 MP: 3/3
   271 | D:1      | Reached XP level 2. HP: 15/20 MP: 0/4
  1436 | D:2      | Reached XP level 3. HP: 26/26 MP: 0/6
  1499 | D:1      | Learned a level 2 spell: Poisonous Vapours
  1503 | D:1      | Learned a level 3 spell: Mephitic Cloud
  2135 | D:3      | Reached skill level 1 in Fighting
  2239 | D:3      | Reached skill level 1 in Maces & Flails
  2239 | D:3      | Reached XP level 4. HP: 31/35 MP: 3/7
  2468 | D:3      | Reached skill level 2 in Fighting
  3095 | D:3      | Reached XP level 5. HP: 42/42 MP: 4/8
  3132 | D:3      | Became a worshipper of Beogh the Brigand
  3526 | D:4      | Noticed Natasha
  3535 | D:4      | Killed Natasha
  3646 | D:4      | Found a burning altar of Makhleb.
  3646 | D:4      | Noticed a balrug
  3700 | D:5      | Entered Level 5 of the Dungeon
  3700 | D:5      | Noticed a sky beast
  3730 | D:4      | Killed a sky beast
  3730 | D:4      | Reached XP level 6. HP: 36/50 MP: 4/9
  4205 | D:4      | Reached skill level 5 in Maces & Flails
  4339 | D:4      | Noticed Natasha
  4354 | D:4      | Killed Natasha
  4522 | D:4      | Reached XP level 7. HP: 56/56 MP: 5/10
  5058 | D:4      | Noticed Natasha
  5068 | D:4      | Killed Natasha
  5282 | D:6      | Noticed Grinder
  5434 | D:5      | Reached * piety under Beogh
  5820 | D:5      | Reached XP level 8. HP: 59/62 MP: 11/11
  5826 | D:5      | Found a staircase to the Ecumenical Temple.
  5842 | Temple   | Entered the Ecumenical Temple
  7055 | D:6      | Reached skill level 10 in Maces & Flails
  7073 | D:6      | Found a shadowy altar of Dithmenos.
  7223 | D:6      | Noticed Menkaure
  7443 | D:7      | Found Oskiodau's Gadget Shoppe.
  7450 | D:7      | Bought a wand of iceblast (8) for 180 gold pieces
  7466 | D:6      | Reached skill level 1 in Air Magic
  7563 | D:7      | Found Waatodef's Antique Weapon Emporium.
  7632 | D:6      | Killed Grinder
  7707 | D:6      | Reached XP level 9. HP: 62/68 MP: 12/12
  8181 | D:6      | Noticed Eustachio
  8433 | D:6      | Killed Eustachio
  8576 | D:6      | Killed Menkaure
  8826 | D:5      | Gained mutation: You have a pair of small horns on your
                  | head. [potion of mutation]
  8826 | D:5      | Gained mutation: You have an increased reservoir of magic.
                  | (+10% MP) [potion of mutation]
  8985 | D:7      | Noticed a red ugly thing
  9021 | D:6      | Killed a red ugly thing
  9637 | D:7      | Reached skill level 1 in Evocations
  9775 | D:7      | Noticed Dowan
 10206 | D:6      | Reached ** piety under Beogh
 10272 | D:7      | Noticed Duvessa
 10287 | D:7      | Killed Duvessa
 10289 | D:7      | Noticed Dowan
 10289 | D:7      | Dowan changed into Dowan the adder
 10293 | D:7      | Killed Dowan the adder
 10347 | D:7      | Found Ciunuati's Distillery.
 10355 | D:7      | Bought a potion of berserk rage for 70 gold pieces
 10500 | D:8      | Noticed a two-headed ogre
 10505 | D:7      | Reached XP level 10. HP: 38/74 MP: 6/14
 10957 | D:7      | Reached skill level 5 in Armour
 12187 | D:8      | Reached skill level 3 in Fighting
 12602 | D:8      | Killed a two-headed ogre
 12602 | D:8      | Reached skill level 4 in Fighting
 12882 | D:9      | Reached skill level 5 in Fighting
 13006 | D:9      | Noticed Erica
 13568 | D:8      | Reached *** piety under Beogh
 13669 | D:9      | Killed Erica
 13669 | D:9      | Reached skill level 6 in Fighting
 13669 | D:9      | Reached XP level 11. HP: 84/91 MP: 6/15
 13699 | D:9      | Found Tyechieg's Distillery.
 13832 | D:9      | Reached skill level 7 in Fighting
 13921 | D:9      | Gained Brandogh as an ally
 14384 | D:9      | Bought a potion of heal wounds for 80 gold pieces
 14532 | D:10     | Entered Level 10 of the Dungeon
 14735 | D:9      | Identified a scroll of acquirement
 14742 | D:10     | Noticed a two-headed ogre
 14781 | D:10     | Your ally Brandogh died
 14855 | D:10     | Reached skill level 8 in Fighting
 14860 | D:10     | Killed a two-headed ogre
 14873 | D:10     | Reached **** piety under Beogh
 15356 | D:10     | Found a staircase to the Lair.
 15482 | D:10     | Noticed a two-headed ogre
 15532 | D:10     | Killed a two-headed ogre
 15532 | D:10     | Reached skill level 9 in Fighting
 15532 | D:10     | Reached skill level 5 in Evocations
 15678 | D:10     | Noticed a cyclops
 15732 | Lair:1   | Entered Level 1 of the Lair of Beasts
 17093 | Lair:2   | Reached skill level 10 in Fighting
 17093 | Lair:2   | Reached XP level 12. HP: 97/108 MP: 17/19
 17237 | Lair:2   | Reached skill level 11 in Fighting
 17254 | Lair:2   | Found an opulent altar of Gozag.
 17307 | Lair:2   | Reached XP level 13. HP: 116/116 MP: 16/20
 17867 | Lair:2   | Reached ***** piety under Beogh
 17882 | Lair:2   | Reached skill level 5 in Crossbows
 19179 | Lair:3   | Found a hole to the Spider Nest.
 19257 | Lair:3   | Reached skill level 5 in Dodging
 19358 | Lair:4   | Reached skill level 1 in Invocations
 19434 | Lair:4   | Found a dark tunnel.
 19454 | Volcano  | Entered a volcano
 20588 | Lair:3   | You fall through a shaft!
 20588 | Lair:4   | Noticed Nessos
 20597 | Lair:4   | Killed Nessos
 21619 | D:10     | Found Imegouc's Distillery.
 21635 | D:10     | Bought 2 potions of heal wounds for 130 gold pieces
 21635 | D:10     | Bought a potion of haste for 130 gold pieces
 22021 | D:11     | Found a gate leading to a gauntlet.
 22029 | Gauntlet | Entered a Gauntlet
 22029 | Gauntlet | Found a transporter.
 22029 | Gauntlet | Found a transporter.
 22033 | Gauntlet | Found a transporter.
 22037 | Gauntlet | Found a transporter.
 22037 | Gauntlet | Found a transporter.
 22069 | Gauntlet | Found a runed translucent gate.
 22069 | Gauntlet | Found a runed translucent gate.
 22070 | Gauntlet | Found a runed translucent gate.
 22071 | Gauntlet | Found a transporter.
 22075 | Gauntlet | Found a transporter.
 22084 | Gauntlet | Found a transporter.
 22099 | Gauntlet | Found a transporter.
 22114 | Gauntlet | Found a transporter.
 22118 | Gauntlet | Found a transporter.
 22130 | Gauntlet | Found a transporter.
 22277 | Gauntlet | Reached XP level 14. HP: 104/125 MP: 21/23
 22602 | D:11     | Reached skill level 1 in Shields
 22602 | D:11     | Reached skill level 5 in Invocations
 23066 | D:11     | Reached skill level 5 in Poison Magic
 23333 | D:11     | Found a runed translucent door.
 23425 | D:12     | Reached skill level 5 in Spellcasting
 23742 | D:12     | Reached skill level 12 in Fighting
 23795 | D:12     | Found a staircase to the Orcish Mines.
 23845 | D:12     | Noticed Jorgrun
 23857 | D:12     | Found a shadowy altar of Dithmenos.
 23863 | D:12     | Killed Jorgrun
 23863 | D:12     | Reached skill level 5 in Conjurations
 24200 | D:12     | Reached ****** piety under Beogh
 24446 | D:12     | You fall through a shaft for 3 floors!
 24446 | D:15     | Entered Level 15 of the Dungeon
 24804 | D:15     | Got an encrusted eveningstar
 24805 | D:15     | Identified the +1 eveningstar of the Gnat {flame, +Fly
                  | Str-5 Int+4} (You acquired it on level 15 of the Dungeon)
 26942 | Orc:1    | Entered Level 1 of the Orcish Mines
 27232 | Orc:2    | Entered Level 2 of the Orcish Mines
 27275 | Orc:2    | Found Ciguv's Jewellery Emporium.
 27397 | Orc:2    | Found a runed translucent gate.
 27397 | Orc:2    | Found a runed translucent gate.
 27397 | Orc:2    | Found a runed translucent gate.
 27399 | Orc:2    | Noticed Exporg's ghost (journeyman OgBe)
 27400 | Orc:2    | Noticed Borgoz's ghost (journeyman MiBe)
 27420 | Orc:2    | Found Ociledgh's Book Shoppe.
 27560 | Orc:2    | Found Seycw's Food Emporium.
 27571 | Orc:2    | Found Qotyreolos's General Store.
 27728 | Orc:2    | Found a staircase to the Elven Halls.
 27883 | Orc:2    | Found Sogooph's Food Shop.
 28046 | Orc:2    | Found Yhiogobe's Gadget Shoppe.
 28046 | Orc:2    | Found Juxerodue's General Store.
 28057 | Orc:2    | Paralysed by an orc sorcerer for 3 turns
 28075 | Orc:2    | Gained Orkrul as an ally
 28081 | Orc:2    | Reached XP level 15. HP: 98/134 MP: 24/26
 28082 | Orc:2    | Found Rajiecwel's Book Emporium.
 28154 | Orc:2    | Found Xaryinit's Antique Weapon Emporium.
 28613 | Orc:1    | Killed Harold
 28642 | Orc:1    | Found Atohitu's Jewellery Emporium.
 28667 | Orc:1    | Noticed Sonja
 28674 | Orc:1    | Killed Sonja
 29109 | Orc:1    | Reached skill level 13 in Fighting
 29109 | Orc:1    | Reached skill level 15 in Maces & Flails
 29369 | Orc:2    | Killed Exporg's ghost
 30956 | D:14     | Found a gate to the Vaults.
 31168 | D:15     | Found Caur's Jewellery Shoppe.
 31321 | D:15     | Noticed a fire giant
 31327 | D:15     | Found a staircase to the Depths.
 31346 | D:15     | Gained Zartorak as an ally
 31472 | D:15     | Killed a fire giant
 31603 | D:15     | Identified the +7 short sword of Vayn {freeze, Int+6 Dex+3}
                  | (You found it on level 15 of the Dungeon)
 31632 | D:15     | Identified Roxanne's Tome of Shape Shifting
 31632 | D:15     | Noticed Roxanne
 31645 | D:15     | Found a runed translucent door.
 31645 | D:15     | Killed Roxanne
 31957 | D:15     | Noticed whitewolfNL's ghost (journeyman MiBe)
 31974 | D:15     | Killed whitewolfNL's ghost
 32599 | Elf:1    | Entered Level 1 of the Elven Halls
 32668 | Elf:1    | Your ally Orkrul died
 32940 | Orc:2    | Killed Borgoz's ghost
 34051 | Lair:4   | Found a staircase to the Shoals.
 34236 | Lair:4   | Noticed Urug
 34242 | Lair:4   | Killed Urug
 34911 | Lair:5   | Noticed Snorg
 34919 | Lair:5   | Killed Snorg
 35249 | Lair:6   | Entered Level 6 of the Lair of Beasts
 35319 | Lair:6   | Reached skill level 14 in Fighting
 35330 | Lair:6   | Reached skill level 1 in Throwing
 35393 | Lair:6   | Reached skill level 5 in Shields
 35851 | Lair:6   | Reached XP level 16. HP: 146/146 MP: 29/29
 36466 | Lair:6   | Found a runed translucent door.
 36487 | Lair:6   | Noticed hound's ghost (journeyman DsBe)
 36499 | Lair:6   | Killed hound's ghost
 36566 | Lair:6   | Found a viscous altar of Jiyva.
 36566 | Lair:6   | Found a staircase to the Slime Pits.
 38156 | Depths:1 | Entered Level 1 of the Depths
 39273 | Elf:1    | Reached skill level 5 in Air Magic
 39278 | Elf:1    | Gained Ogrik as an ally
 39279 | Elf:1    | Gained Marbork as an ally
 39339 | Elf:1    | Found Sorhalie's Antique Weapon Shop.
 39768 | Elf:1    | Found Peizaehane's Jewellery Shoppe.
 39865 | Orc:2    | Bought the ring of Ybuqidgha {rPois rN+ MR+ AC+5 Int+3} for
                  | 1152 gold pieces
 40065 | Elf:1    | Found Wusasozo's Gadget Boutique.
 40065 | Elf:1    | Found Netu Ada's General Store.
 40212 | Elf:1    | Bought a potion of heal wounds for 60 gold pieces
 40243 | Elf:1    | Identified Xizacze's Catalogue of the Entourage
 40407 | Elf:1    | Found Biolucikk's Antique Armour Boutique.
 40432 | Elf:1    | Learned a level 1 spell: Summon Butterflies
 40540 | Elf:1    | Noticed an Ice Fiend
 41302 | Elf:2    | Found a runed translucent door.
 41311 | Elf:2    | Found a runed translucent door.
 41341 | Elf:2    | Noticed Asterion
 41355 | Elf:2    | Your ally died
 41359 | Elf:2    | Killed Asterion
 41359 | Elf:2    | Reached skill level 10 in Shields
 41371 | Elf:2    | Noticed a deep elf blademaster
 41378 | Elf:2    | Killed a deep elf blademaster
 41712 | Elf:2    | Your ally Zartorak died
 42090 | Elf:2    | Reached XP level 17. HP: 69/152 MP: 27/31
 42781 | Elf:2    | Found Xidi's Antique Weapon Emporium.
 42798 | Elf:2    | Gained Zorug as an ally
 43469 | Elf:3    | Entered Level 3 of the Elven Halls
 43995 | Elf:3    | Found an ancient bone altar of Kikubaaqudgha.
 44298 | Elf:3    | Identified the Guide on Enchantment and Enhancements
 44510 | Elf:3    | Noticed a deep elf blademaster
 44537 | Elf:3    | Killed a deep elf blademaster
 44579 | Elf:3    | Noticed a deep elf blademaster
 44580 | Elf:3    | Your ally Zorug died
 44593 | Elf:3    | Noticed a deep elf blademaster
 44921 | Elf:3    | Noticed a deep elf master archer
 44935 | Elf:3    | Killed a deep elf master archer
 45281 | Elf:3    | Noticed a Hell Sentinel
 45285 | Elf:3    | Killed a deep elf blademaster
 45662 | Elf:3    | Killed a deep elf blademaster
 45730 | Elf:3    | Identified the +1 ring mail of Happy Babbling {rElec}
 45730 | Elf:3    | Noticed a deep elf blademaster
 45732 | Elf:3    | Killed a deep elf blademaster
 45735 | Elf:3    | Reached skill level 15 in Shields
 45834 | Elf:3    | Noticed a deep elf master archer
 45840 | Elf:3    | Killed a deep elf master archer
 45841 | Elf:3    | Identified the +7 executioner's axe "Foggousa" {chop, rPois
                  | rF+++ MP-9 SInv}
 46152 | Elf:3    | Identified the +4 great sword "Yngiatio" {flame, Str+2}
 46157 | Elf:3    | Noticed a Tzitzimitl
 46686 | Elf:3    | Identified the Collected Works on Darkness
 46978 | Elf:3    | Identified the +1 ring mail of the Komodo Dragon {Dex+2}
                  | (You found it on level 3 of the Elven Halls)
 46987 | Elf:3    | Identified the Handbook of the Shore
 47321 | Orc:2    | Bought the amulet of Morality {RegenMP rF+ SInv} for 674
                  | gold pieces
 48164 | D:15     | Reached XP level 18. HP: 100/161 MP: 33/33
 48987 | Depths:1 | Reached skill level 15 in Fighting
 49456 | Depths:1 | Found a shimmering altar of Xom.
 49483 | Depths:1 | Found a gateway to Hell.
 49958 | Depths:1 | Found a one-way gate leading to the halls of Pandemonium.
 49958 | Depths:1 | Gained mutation: Armour fits poorly on your strangely
                  | shaped body. [a neqoxec]
 50815 | Depths:2 | Noticed Bai Suzhen
 50826 | Depths:2 | Killed Bai Suzhen
 50851 | Depths:2 | Your ally Marbork died
 50855 | Depths:2 | Reached skill level 10 in Evocations
 51852 | Hell     | Entered the Vestibule of Hell
 51882 | Hell     | Reached skill level 16 in Fighting
 51889 | Hell     | Noticed Geryon
 51900 | Hell     | Killed Geryon
 51900 | Hell     | Reached skill level 10 in Armour
 52849 | Hell     | Gained mutation: You occasionally shout uncontrollably at
                  | your foes. [a cacodemon]
 53329 | Depths:3 | Reached XP level 19. HP: 153/174 MP: 34/34
 53370 | Depths:3 | Noticed a tentacled monstrosity
 53601 | Depths:3 | Killed a tentacled monstrosity
 54004 | Depths:3 | Reached skill level 17 in Fighting
 54916 | Depths:3 | Identified the cursed +0 morningstar "Lifebane" {protect,
                  | Dex+4}
 54961 | Depths:3 | Identified the +5 spear of Honour {freeze, MR+}
 55220 | Depths:3 | Noticed a caustic shrike
 55224 | Depths:3 | Noticed a caustic shrike
 55231 | Depths:3 | Killed a caustic shrike
 55331 | Depths:3 | Noticed a caustic shrike
 55335 | Depths:3 | Killed a caustic shrike
 56552 | Depths:3 | Killed a caustic shrike
 56552 | Depths:3 | Reached skill level 1 in Summonings
 56633 | Depths:3 | Found Yfewk's Weapon Emporium.
 56843 | Depths:4 | Found Ziariynk's Antique Armour Shop.
 56880 | Depths:4 | Bought a glowing cloak for 195 gold pieces
 56927 | Depths:4 | Noticed Saint Roka
 57030 | Depths:4 | Killed Saint Roka
 57177 | Depths:4 | Found a gateway to a ziggurat.
 57178 | Depths:4 | Paralysed by a floating eye for 2 turns
 57184 | Depths:4 | Paralysed by a floating eye for 3 turns
 57193 | Depths:4 | Paralysed by a floating eye for 3 turns
 57194 | Depths:4 | Gained mutation: You are weak. (Str -2) [a shining eye]
 57264 | Depths:4 | Reached skill level 18 in Fighting
 57627 | Depths:4 | Reached XP level 20. HP: 123/187 MP: 35/35
 58538 | Depths:4 | Noticed a lich
 58545 | Depths:4 | Noticed a juggernaut
 58548 | Depths:4 | Killed a lich
 58558 | Depths:4 | Killed a juggernaut
 58788 | Depths:4 | Noticed a juggernaut
 58790 | Depths:4 | Noticed a caustic shrike
 59036 | Depths:5 | Entered Level 5 of the Depths
 59057 | Hell     | Reached skill level 10 in Invocations
 59095 | Hell     | Reached skill level 5 in Summonings
 59365 | Hell     | Found a gateway to the Iron City of Dis.
 59516 | Hell     | Found a gateway to the freezing wastes of Cocytus.
 59721 | Hell     | Found a gateway to the decaying netherworld of Tartarus.
 59878 | Hell     | Found a gateway to the ashen valley of Gehenna.
 60275 | Depths:4 | Your ally Ogrik died
 60507 | Depths:4 | Killed a caustic shrike
 61099 | Depths:4 | Identified the +8 dagger "Hoguraw" {pierce, +Blink rF++ rC-
                  | Stlth+}
 61111 | Depths:4 | Noticed a juggernaut
 61125 | Depths:4 | Killed a juggernaut
 61444 | Depths:4 | Found a one-way gate to the infinite horrors of the Abyss.
 61457 | Depths:4 | Noticed a juggernaut
 61459 | Depths:4 | Noticed a caustic shrike
 62326 | Depths:4 | Killed a juggernaut
 62337 | Depths:4 | Reached skill level 19 in Fighting
 62499 | Depths:4 | Identified the Almanac of Cankerous Transmutation
 62711 | Depths:4 | Killed a caustic shrike
 62711 | Depths:4 | Reached XP level 21. HP: 123/198 MP: 37/37
 63393 | Depths:4 | Killed a juggernaut
 65584 | Depths:5 | Found a gate to the Realm of Zot.
 66746 | Elf:1    | Bought a scroll of brand weapon for 240 gold pieces
 66749 | Elf:1    | Bought a wand of acid (9) for 364 gold pieces
 66749 | Elf:1    | Bought a wand of scattershot (5) for 378 gold pieces
 67169 | Orc:2    | Bought a scroll of enchant weapon for 90 gold pieces
 67170 | Orc:2    | Bought a potion of curing for 36 gold pieces
 67602 | Pan      | Entered Pandemonium
 67901 | Pan      | Got a steaming copper ring
 67902 | Pan      | Identified the ring of Xauqapt {*Corrode rElec rN+ Dex+4}
                  | (You found it in Pandemonium)
 68567 | Pan      | Reached skill level 15 in Armour
 69309 | Pan      | Noticed Qely the pandemonium lord
 69326 | Pan      | Killed Qely the pandemonium lord
 70238 | Pan      | Noticed Mennas
 70254 | Pan      | Reached XP level 22. HP: 157/209 MP: 39/39
 72191 | Pan      | Noticed Metem the pandemonium lord
 72202 | Pan      | Your ally Marbork died
 72205 | Pan      | HP: 9/209 [ynoxinul/iron shot (17)]
 73082 | Pan      | Killed Metem the pandemonium lord
 73082 | Pan      | Reached skill level 5 in Stealth
 73375 | Pan      | Paralysed by accursed screaming for 1 turns
 73644 | Pan      | HP: 3/188 [balrug/divine providence (10)]
 73831 | Pan      | HP: 2/188 [Brimstone Fiend/damnation (43)]
 73832 | Pan      | Killed from afar by a Brimstone Fiend

Skill      XL: |  1  2  3  4  5  6  7  8  9 10 11 12 13 14 15 16 17 18 19 20 21 22 |
---------------+-------------------------------------------------------------------+-----
Poison Magic   | 3 4 6 7 |  7.2
Spellcasting   | 2 3 4 6 7 8 9 |  9.8
Conjurations   | 2 4 6 7 |  7.2
Fighting       | 1 2 6 10 11 12 14 16 18 19 | 19.8
Maces & Flails | 1 2 4 6 8 10 12 13 14 15 16 | 16.0
Air Magic      | 1 3 5 |  5.0
Armour         | 4 6 7 10 12 14 15 | 15.2
Evocations     | 2 7 8 10 11 12 | 12.9
Crossbows      | 2 3 4 6 |  6.6
Dodging        | 5 |  5.0
Invocations    | 4 5 8 10 | 10.0
Shields        | 4 5 11 15 | 15.0
Throwing       | 1 2 |  2.2
Summonings     | 3 6 8 9 |  9.0
Stealth        | 5 |  5.5
Unarmed Combat | |  0.1

Action                   |  1- 3 |  4- 6 |  7- 9 | 10-12 | 13-15 | 16-18 | 19-21 | 22-24 || total
-------------------------+-------+-------+-------+-------+-------+-------+-------+-------++-------
Melee: Unarmed           |     4 |       |       |       |       |       |       |       ||     4
       Mace              |    32 |    57 |   235 |   258 |    12 |       |       |       ||   594
       Punch             |       |       |     1 |       |       |       |       |       ||     1
       Flail             |       |       |    19 |       |   177 |       |       |       ||   196
       Headbutt          |       |       |     8 |    58 |   174 |   189 |   301 |   105 ||   835
       Great mace        |       |       |       |     3 |   338 |       |       |       ||   341
       Eveningstar       |       |       |       |       |   462 |   234 |    11 |       ||   707
       Demon whip        |       |       |       |       |       |   799 |  1571 |   511 ||  2881
 Fire: Arbalest          |       |       |    34 |    39 |    23 |       |       |       ||    96
       Blowgun           |       |       |     2 |       |     8 |       |       |       ||    10
Throw: Tomahawk          |       |     6 |     7 |     1 |     2 |       |       |       ||    16
       Javelin           |       |       |       |       |     7 |       |       |       ||     7
 Cast: Sting             |    61 |    55 |    63 |    42 |       |       |       |       ||   221
       Poisonous Vapours |       |     4 |    32 |   151 |   186 |   144 |       |       ||   517
       Mephitic Cloud    |       |       |     3 |    32 |     8 |       |       |       ||    43
       Summon Butterflie |       |       |       |       |       |       |     4 |     3 ||     7
Invok: Convert to Beogh  |       |     1 |       |       |       |       |       |       ||     1
       Recall Orcish Fol |       |       |       |     1 |    14 |    40 |    32 |    11 ||    98
       Give Item to Name |       |       |       |       |     1 |     3 |       |       ||     4
       Resurrection      |       |       |       |       |     1 |     2 |       |       ||     3
       Smiting           |       |       |       |       |       |       |     1 |       ||     1
 Abil: Evoke Berserk Rag |       |       |       |       |     3 |       |       |       ||     3
       Evoke Flight      |       |       |       |       |     2 |       |       |       ||     2
Evoke: Wand              |       |       |     9 |     2 |    21 |    27 |    27 |    15 ||   101
       Phial of floods   |       |       |       |     1 |       |     1 |     1 |       ||     3
       Lightning rod     |       |       |       |       |     5 |     4 |    18 |       ||    27
       Horn of Geryon    |       |       |       |       |       |       |     2 |       ||     2
       Box of beasts     |       |       |       |       |       |       |     2 |       ||     2
  Use: Scroll            |     2 |     3 |     8 |     9 |    10 |     5 |    11 |     8 ||    56
       Potion            |       |     2 |     6 |     2 |    12 |     9 |    14 |     6 ||    51
 Stab: Sleeping          |     1 |       |     1 |       |       |       |       |       ||     2
       Confused          |       |       |     2 |     9 |     5 |       |       |       ||    16
       Distracted        |       |       |       |     1 |     5 |    10 |    25 |     2 ||    43
       Paralysed         |       |       |       |       |     2 |       |       |       ||     2
  Eat: Chunk             |     2 |     8 |    12 |    18 |    27 |    17 |    12 |     1 ||    97
       Ration            |     1 |       |     3 |     6 |    12 |    11 |    13 |     3 ||    49
Armor: Robe              |     9 |    18 |    77 |       |       |       |       |       ||   104
       Skin              |       |    12 |       |       |       |       |       |       ||    12
       Ring mail         |       |       |    37 |       |       |       |       |       ||    37
       Leather armour    |       |       |     2 |    87 |    82 |       |       |       ||   171
       Chain mail        |       |       |       |       |   512 |   184 |       |       ||   696
       Plate armour      |       |       |       |       |       |   188 |       |       ||   188
       Storm dragon scal |       |       |       |       |       |    80 |   552 |   235 ||   867
Dodge: Dodged            |    45 |    43 |   196 |   166 |   413 |   162 |   281 |    93 ||  1399
Block: Buckler           |       |       |       |       |   108 |    25 |       |       ||   133
       Shield            |       |       |       |       |       |   423 |   718 |   324 ||  1465
       Reflection        |       |       |       |       |       |    22 |    29 |     5 ||    56
